cohdb
Replays
Latest Replays
All Replays
Popular Replays
Top Player Replays
Match Explorer
How It Works
Community
CoH3 Stats
Reddit
Sign in to upload your games and track your stats! →
Sign in with Steam
Match 38385656
Unlisted
Match 38385656
Overview
Messages
Build Orders
End
Panzergrenadier Squad
Selects Italian Infantry
250 Light Carrier
Panzergrenadier Squad
Construct Light Support Kompanie
Combat Half-tracks
Selects Defensive Operations
2.5-tonne Medical Truck
Fire Support Elements
Pak 38 Mechanized Group
Panzerpioneer Squad
Veteran Squad Leaders
Construct Panzerarmee Kommand
Selects Prepared Positions
Panzer III L Medium Tank
AI Takeover
Boxes
moohey
象棋大师
STALKER4732
kit.ohume
Devochkin
0
0
Comments
sign in to comment!
No comments posted yet!